 Dungeon Crawl Stone Soup version 0.27.1-33-g824d729ab1 (webtiles) character file.

Game seed: 17451818678075666405

25957 lukzaj the Cleaver (level 12, 0/125 HPs)
             Began as a Minotaur Fighter on Nov 28, 2021.
             Succumbed to Nessos's poison
             ... on level 4 of the Lair of Beasts.
             The game lasted 01:02:38 (16016 turns).

lukzaj the Cleaver (Minotaur Fighter)              Turns: 16016, Time: 01:02:38

Health: 0/125      AC: 27    Str: 24    XL:     12   Next: 94%
Magic:  11/11      EV:  9    Int:  5    God:
Gold:   841        SH:  0    Dex: 18    Spells: 11/11 levels left

rFire    + . .     SeeInvis .   L - +7 great mace (vamp)
rCold    x . .     Faith    .   (shield currently unavailable)
rNeg     . . .     Spirit   .   m - +9 plate armour
rPois    .         Reflect  .   (helmet restricted)
rElec    .         Harm     .   (no cloak)
rCorr    .         Rampage  .   e - +0 pair of gloves
Will     .....                  F - +0 pair of boots
Stlth    ..........             t - amulet of Vitality {Regen+ HP+15}
HPRegen  1.30/turn              w - +6 ring of dexterity
MPRegen  0.12/turn              y - ring of fire

@: lethally poisoned (0 -> -12), hasted, very quick
A: horns 2, retaliatory headbutt
a: no special abilities


You were on level 4 of the Lair of Beasts.
You visited 2 branches of the dungeon, and saw 13 of its levels.

You collected 841 gold pieces.

Inventory:

Hand Weapons
 a - a +1 war axe
 d - a +1 broad axe of venom
 n - a +0 battleaxe
 q - the +5 battleaxe of Dishonour {pain, rPois}
   (You found it on level 6 of the Dungeon)

   In the hands of one skilled in necromantic magic, it inflicts extra damage on
   living creatures.
   rPois:     It protects you from poison.
 u - a +1 falchion of electrocution
 v - a +1 hand axe of pain
 z - a +3 halberd
 L - a +7 vampiric great mace (weapon)
 N - a +1 flail of protection
Missiles
 f - a throwing net
Armour
 b - a +2 scale mail
 c - a +0 kite shield
 e - a +0 pair of gloves (worn)
 m - a +9 plate armour (worn)
 E - a +3 leather armour
 F - a +0 pair of boots (worn)
 G - the +0 chain mail of Ismafek {Harm rCorr}
   (You found it on level 1 of the Lair of Beasts)

   rCorr:     It protects you from acid and corrosion.
   Harm:      It increases damage dealt and taken.
 I - a +0 helmet
 M - a +1 scale mail of willpower
Jewellery
 p - a ring of wizardry
 s - an amulet of the acrobat
 t - the amulet of Vitality (around neck) {Regen+ HP+15}
   (You found it on level 9 of the Dungeon)

   [amulet of regeneration]

   HP:        It affects your health (+15).
   Regen:     It increases your rate of health regeneration.
 w - a +6 ring of dexterity (left hand)
 y - a ring of fire (right hand)
 B - an amulet of magic regeneration
 J - a ring of wizardry
Wands
 i - a wand of flame (39) (quivered)
 k - a wand of iceblast (14)
 r - a wand of digging (10)
 O - a wand of acid (5)
 P - a wand of mindburst (8)
Scrolls
 g - 3 scrolls of teleportation
 h - a scroll of amnesia
 j - 2 scrolls of identify
 o - 3 scrolls of fear
 A - 2 scrolls of magic mapping
 C - a scroll of blinking
 S - a scroll of summoning {unknown}
Potions
 l - 2 potions of attraction
 x - 2 potions of cancellation
 H - 3 potions of brilliance
 K - 2 potions of flight
 Q - 2 potions of lignification


   Skills:
 + Level 11.3 Fighting
 + Level 14.9(16.4) Axes
 * Level 12.3(15.2) Maces & Flails
 + Level 11.2 Armour
 + Level 3.2 Dodging
 + Level 1.5 Stealth
 + Level 8.0 Shields


You had 11 spell levels left.
You didn't know any spells.
Your spell library contained the following spells:

 Spells                   Type           Power      Damage    Failure   Level
 Animate Skeleton         Necr           0%         N/A       99%         1
 Pain                     Necr           0%         1d4       99%         1
 Corpse Rot               Necr/Air       N/A        N/A       100%        2
 Vampiric Draining        Necr           0%         2d6       100%        3
 Dispel Undead            Necr           0%         3d6       100%        4
 Hailstorm                Conj/Ice       0%         3d3       100%        4
 Ice Form                 Ice/Tmut       0%         N/A       100%        4
 Summon Ice Beast         Ice/Summ       0%         N/A       100%        4
 Summon Mana Viper        Hex/Summ       0%         N/A       100%        5
 Death Channel            Necr           0%         N/A       100%        6
 Simulacrum               Ice/Necr       0%         N/A       100%        6
 Monstrous Menagerie      Summ           0%         N/A       100%        7


Dungeon Overview and Level Annotations

Branches:
Dungeon (10/15)            Temple (0/1) D:6            Lair (2/6) D:10
  Swamp: Lair:2-4    Shoals: Lair:2-4     Snake: Lair:2-4    Spider: Lair:2-4
    Orc: D:9-12

Altars:
Gozag
Hepliaklqana
Nemelex Xobeh
Trog
Wu Jian
Xom

Annotations:
D:8 Maggie
Lair:4 3 runed translucent doors, Nessos; Tunlugh's ghost, adept GrEE


Innate Abilities, Weirdness & Mutations

You have a pair of horns on your head.
You reflexively headbutt those who attack you in melee.


Message History

You feel sick.
Nessos shoots an arrow.
The arrow hits you.
You are more poisoned.
Nessos blinks!
You feel very sick.
Nessos shoots an arrow.
The arrow hits you.
You are more poisoned.
Nessos shoots an arrow.
The arrow hits you. The arrow burns you.
You are more poisoned.
You feel extremely sick.
Nessos unwields a +2 longbow of flaming.
It stops flaming.
Nessos barely misses you. You furiously retaliate!
You headbutt Nessos, but do no damage. Nessos kicks you.
* * * LOW HITPOINT WARNING * * *
Nessos closely misses you. Nessos kicks you but does no damage.
You sock Nessos! You headbutt Nessos!
Nessos is severely wounded.
You feel extremely sick.
Nessos stands on their hind legs for a moment.
Nessos hits you but does no damage. Nessos kicks you.
* * * LOW HITPOINT WARNING * * *
Nessos barely misses you. Nessos kicks you but does no damage.
You feel yourself speed up.
You feel extremely sick.
Nessos is no longer covered in acid.
Nessos hits you but does no damage. Nessos kicks you but does no damage.
Nessos hits you but does no damage. Nessos kicks you but does no damage.
You feel very sick.
Nessos wields a +2 longbow of flaming.
It bursts into flame!
Nessos shoots an arrow.
The arrow hits you!
* * * LOW HITPOINT WARNING * * *
Found a leather armour.
* * * LOW HITPOINT WARNING * * *
You feel very sick.
Nessos blinks!
Nessos shoots an arrow.
The arrow hits you.
* * * LOW HITPOINT WARNING * * *
You are more poisoned.
* * * LOW HITPOINT WARNING * * *
You feel very sick.
Nessos blinks!
You die...

..................
.................## ..#
##.....##........P###...
.#.#....##.......§.#....
.#.###..P...............
.#. ##...............[.
## #..................
#.###.........c........
##.#.......†....@.##.
Y#.P....<........##
##..........§....#
..(...........#.##
....#.....#....##
....#....##..##.#
#...#..###...# ...
##.....# #..## ..
.......##P.##


You could see Nessos (fast).

Vanquished Creatures
  2 hydras (Lair:1)
  Erica (D:9)
  A two-headed ogre (D:10)
  A tengu warrior (D:9)
  Urug (D:10)
  2 deep trolls (D:9)
  An orange crystal statue (D:8)
  Pikel (D:8)
  A black mamba (Lair:1)
  4 elephants (Lair:4)
  7 cane toads
  A torpor snail (Lair:4)
  A komodo dragon (Lair:1)
  A tengu conjurer (D:9)
  A troll (D:10)
  5 blink frogs (Lair:1)
  34 yaks
  4 wyverns
  Grum (D:8)
  A wraith (D:10)
  2 basilisks (Lair:4)
  A vampire mosquito (D:8)
  An acid dragon (D:5)
  12 water moccasins
  2 ice beasts
  5 orc warriors
  2 sky beasts
  3 necrophages
  2 ogres
  13 wolves
  A centaur (D:8)
  4 lemures (D:8)
  13 bullfrogs
  4 kobold brigands
  A wyvern zombie (D:6)
  A gnoll sergeant (D:4)
  12 scorpions
  A water moccasin zombie (D:6)
  A water moccasin skeleton (D:5)
  6 killer bees
  An electric eel (Lair:1)
  13 wights
  4 lava snakes (D:8)
  2 bullfrog zombies
  3 hounds
  4 centaur skeletons
  3 centaur zombies
  A gnoll shaman (D:5)
  5 orc priests
  4 iguanas
  Jessica (D:2)
  13 orc wizards
  A killer bee zombie (D:9)
  A hound skeleton (D:2)
  5 adders
  11 gnolls
  A white imp (D:5)
  2 worms
  5 dart slugs
  35 orcs
  7 ball pythons
  5 bats
  4 endoplasms
  4 giant cockroaches
  6 goblins
  2 hobgoblins (D:2)
  9 jackals
  4 quokkas
  A frilled lizard (D:1)
  15 kobolds
  4 rats
  A butterfly (D:8)
335 creatures vanquished.

Vanquished Creatures (others)
  A kobold (D:4)
  60 fungi
  51 plants
112 creatures vanquished.

Grand Total: 447 creatures vanquished

Notes
Turn   | Place    | Note
-------+----------+-------------------------------------------
     0 | D:1      | lukzaj the Minotaur Fighter began the quest for the Orb.
     0 | D:1      | Reached XP level 1. HP: 19/19 MP: 0/0
   210 | D:1      | Reached XP level 2. HP: 24/27 MP: 1/1
   519 | D:1      | Found a faded altar of an unknown god.
  1105 | D:2      | Reached XP level 3. HP: 33/33 MP: 2/2
  1402 | D:2      | Noticed Jessica
  1633 | D:2      | Killed Jessica
  1634 | D:2      | Reached XP level 4. HP: 35/41 MP: 3/3
  1866 | D:2      | Reached skill level 3 in Axes
  1872 | D:2      | Reached skill level 1 in Dodging
  2333 | D:3      | Reached XP level 5. HP: 40/47 MP: 4/4
  2384 | D:3      | Found a bloodstained altar of Trog.
  2618 | D:3      | Reached skill level 4 in Axes
  2696 | D:3      | Reached XP level 6. HP: 16/55 MP: 5/5
  2967 | D:3      | Found an opulent altar of Gozag.
  3067 | D:3      | Reached skill level 5 in Fighting
  3067 | D:3      | Reached skill level 5 in Armour
  3067 | D:3      | Reached skill level 5 in Shields
  3425 | D:4      | Reached skill level 5 in Axes
  3476 | D:4      | Reached XP level 7. HP: 7/61 MP: 6/6
  4168 | D:4      | Reached skill level 6 in Axes
  4673 | D:5      | Entered Level 5 of the Dungeon
  4691 | D:5      | Reached XP level 8. HP: 47/70 MP: 7/7
  4946 | D:5      | Reached skill level 7 in Axes
  5669 | D:5      | Found an ornate altar of the Wu Jian Council.
  5672 | D:5      | Found a shimmering altar of Xom.
  5791 | D:5      | Found a hazy altar of Hepliaklqana.
  5794 | D:5      | Found a sparkling altar of Nemelex Xobeh.
  6230 | D:6      | Reached skill level 8 in Axes
  6245 | D:6      | Identified the +5 battleaxe of Dishonour {pain, rPois}
  6775 | D:6      | Found a staircase to the Ecumenical Temple.
  7314 | D:7      | Reached XP level 9. HP: 63/78 MP: 8/8
  7468 | D:7      | Reached skill level 9 in Axes
  7779 | D:7      | Reached skill level 10 in Axes
  8266 | D:8      | Noticed Pikel
  8283 | D:8      | Killed Pikel
  8284 | D:8      | Reached skill level 11 in Axes
  8500 | D:8      | Found a runed translucent door.
  8502 | D:8      | Found a runed translucent door.
  8511 | D:8      | Reached XP level 10. HP: 72/89 MP: 9/9
  8530 | D:8      | Reached skill level 12 in Axes
  8700 | D:8      | Noticed an orange crystal statue
  8701 | D:8      | Noticed Maggie
  9014 | D:8      | Noticed a two-headed ogre
  9254 | D:8      | Noticed Grum
  9266 | D:8      | Killed Grum
 10924 | D:8      | Lost intelligence.
 10941 | D:8      | Killed an orange crystal statue
 11155 | D:9      | Noticed a tengu warrior
 11161 | D:9      | Reached skill level 13 in Axes
 11168 | D:9      | Killed a tengu warrior
 11746 | D:9      | Noticed Erica
 11767 | D:9      | Killed Erica
 11768 | D:9      | Reached skill level 10 in Fighting
 11768 | D:9      | Reached XP level 11. HP: 58/99 MP: 10/10
 12357 | D:9      | Noticed a deep troll
 12358 | D:9      | Noticed a deep troll
 12368 | D:9      | Killed a deep troll
 12374 | D:9      | HP: 5/100 [orc warrior (2)]
 12790 | D:9      | Killed a deep troll
 12791 | D:9      | Reached skill level 14 in Axes
 12791 | D:9      | Reached skill level 1 in Stealth
 12986 | D:9      | Found the amulet of Vitality {Regen+ HP+15}
 13053 | D:10     | Entered Level 10 of the Dungeon
 13266 | D:10     | Reached skill level 10 in Armour
 13296 | D:10     | Noticed a two-headed ogre
 13311 | D:10     | Killed a two-headed ogre
 13345 | D:10     | Found a staircase to the Lair.
 13348 | D:10     | Noticed Urug
 13369 | D:10     | Killed Urug
 13528 | D:10     | Reached skill level 1 in Maces & Flails
 13650 | D:10     | Reached skill level 5 in Maces & Flails
 13994 | Lair:1   | Entered Level 1 of the Lair of Beasts
 14019 | Lair:1   | Reached XP level 12. HP: 80/108 MP: 11/11
 14086 | Lair:1   | Identified the +0 chain mail of Ismafek {Harm rCorr}
 14121 | Lair:1   | Noticed a seven-headed hydra
 14227 | Lair:1   | Found an ornate altar of the Wu Jian Council.
 14239 | Lair:1   | Killed a seven-headed hydra
 14580 | Lair:1   | Noticed an eight-headed hydra
 14589 | Lair:1   | Killed an eight-headed hydra
 15204 | Lair:2   | Reached skill level 10 in Maces & Flails
 15714 | Lair:2   | You fall into a shaft and drop 2 floors!
 15727 | Lair:4   | Found a runed translucent gate.
 15728 | Lair:4   | Found a runed translucent gate.
 15729 | Lair:4   | Found a runed translucent gate.
 15924 | Lair:4   | Noticed an eight-headed hydra
 15926 | Lair:4   | Noticed a minotaur
 15927 | Lair:4   | Noticed Tunlugh's ghost (adept GrEE)
 15990 | Lair:4   | Noticed Nessos
 16014 | Lair:4   | HP: 5/125 [Nessos/arrow (2)]
 16015 | Lair:4   | HP: 2/125 [poisoned by Nessos]
 16016 | Lair:4   | Succumbed to Nessos's poison

Illustrated notes

Levels and vault maps discovered:
D:1:      erik_arrival_cave_to_civilisation [erik_arrival_cave_to_hall],
          layout_basic, hellmonk_ecumenical_altar_arch_garden
D:2:      layout_basic, uniq_jessica
D:3:      layout_basic, overflow_temple_1_default, general_overflow_altar,
          minmay_starry_boxes
D:4:      layout_rooms, solitary_fountain, grunt_decor_cap,
          hangedman_decor_lopped
D:5:      layout_rooms, grunt_temple_overflow_cloverleaf,
          minmay_misc_feat_pillars, grunt_decor_clamped
D:6:      layout_layer_cave, minmay_temple_entry_butterflies,
          nicolae_underground_beach
D:7:      layout_basic, chequers_decorated_corner
D:8:      lemuel_insect_pit, layout_cave_pods, disabler_island, uniq_maggie,
          uniq_pikel, uniq_grum
D:9:      layout_basic, library_closet,
          hellmonk_guarded_unrand_vitality_bloodlust, uniq_erica
D:10:     layout_basic, due_lair_maze_entry_diamond, uniq_urug
Lair:1:   layout_layer_cave, chequers_serial_rivers_small_b,
          chequers_serial_rivers_micro_c, lemuel_altar_in_water2, minmay_holes,
          grunt_megastairs_3, infiniplex_staircase_pool
Lair:2:   layout_cave_pods, grunt_megastairs_2, lemuel_fruit_fields,
          serial_bayou_shore_a, lemuel_fruit_fields
Lair:4:   beast_lair_carwin_large_4, layout_layer_cave,
          maelrawn_ghost_gauntlet_escape, uniq_nessos

Skill      XL: |  1  2  3  4  5  6  7  8  9 10 11 12 |
---------------+-------------------------------------+-----
Shields        | 4 5 6 8 |  8.0
Armour         | 4 5 6 7 9 10 11 | 11.2
Fighting       | 4 5 6 8 10 11 | 11.3
Axes           | 3 4 5 6 8 11 13 14 | 14.9
Dodging        | 1 2 3 |  3.2
Stealth        | 1 |  1.5
Maces & Flails | 5 12 | 12.3

Action                   |  1- 3 |  4- 6 |  7- 9 | 10-12 || total
-------------------------+-------+-------+-------+-------++-------
Melee: War axe           |    57 |   105 |    35 |       ||   197
       Headbutt          |     8 |    13 |    58 |   135 ||   214
       Broad axe         |       |       |   111 |       ||   111
       Battleaxe         |       |       |   120 |   266 ||   386
       Great mace        |       |       |       |   239 ||   239
Throw: Throwing net      |       |       |     1 |       ||     1
Evoke: Wand              |       |       |       |     5 ||     5
  Use: Scroll            |     5 |     6 |    11 |    18 ||    40
       Potion            |       |     3 |     3 |     9 ||    15
Armor: Scale mail        |    20 |    63 |     7 |       ||    90
       Plate armour      |       |       |   178 |   532 ||   710
       Skin              |       |       |       |     1 ||     1
Dodge: Dodged            |    20 |    44 |   127 |   413 ||   604
Block: Kite shield       |    39 |    96 |    98 |       ||   233
